 Seeded DCSS version 0.29-a0-810-g3812dd5 (webtiles) character file.

Game seed: 9102593981248656609 (custom seed)

143 Illumine the Slasher (level 5, 0/49 HPs)
             Began as a Naga Gladiator on July 3, 2022.
             Slain by a hobgoblin
             ... wielding a +0 scythe
              (7 damage)
             ... on level 4 of the Dungeon.
             The game lasted 00:07:11 (3062 turns).

Illumine the Slasher (Naga Gladiator)               Turns: 3062, Time: 00:07:12

Health: 0/49       AC:  6    Str: 16    XL:     5   Next: 25%
Magic:  5/5        EV:  9    Int:  9    God:
Gold:   169        SH:  0    Dex: 14    Spells: 4/4 levels left

rFire   . . .      SeeInvis +   a - +2 long sword (venom)
rCold   . . .      Faith    .   (no shield)
rNeg    . . .      Spirit   .   n - +0 ring mail
rPois   +          Reflect  .   c - +1 helmet
rElec   .          Harm     .   (no cloak)
rCorr   .          Rampage  .   (no gloves)
Will    .....                   (no barding)
Stlth   +.........              (no amulet)
HPRegen 0.16/turn               (no ring)
MPRegen 0.09/turn               (no ring)

@: very slow
A: AC +1, large, see invisible, deformed body, poison resistance, slowness 2,
spit poison 1, naga tail 1
a: Spit Poison


You were on level 4 of the Dungeon.
You visited 1 branch of the dungeon, and saw 4 of its levels.

You collected 169 gold pieces.

Inventory:

Hand Weapons
 a - a +2 long sword of venom (weapon)
Armour
 c - a +1 helmet (worn)
 n - a +0 ring mail (worn)
Jewellery
 l - an amulet of magic regeneration
Scrolls
 i - 3 scrolls of teleportation
 k - a scroll of enchant armour
 p - a scroll of fog {unknown}
 s - a scroll of acquirement {unknown}
 t - a scroll of immolation {unknown}
Potions
 g - a potion of lignification
 j - 3 potions of resistance
 m - a potion of heal wounds {unknown}
 o - a potion of brilliance {unknown}
 q - a potion of invisibility {unknown}
 r - a potion of haste {unknown}
 u - a potion of degeneration {unknown}


   Skills:
 + Level 3.1 Fighting
 * Level 4.5 Long Blades
 - Level 2.0 Throwing
 + Level 0.2 Armour
 - Level 3.0 Dodging


You had 4 spell levels left.
You didn't know any spells.
Your spell library was empty.

Dungeon Overview and Level Annotations

Branches:
Dungeon (4/15)
 Temple: D:4-7

Altars:


Innate Abilities, Weirdness & Mutations

Your serpentine skin is tough. (AC +1)
You have supernaturally acute eyesight. (SInv)
Armour fits poorly on your strangely shaped body.
Your system is resistant to poisons. (rPois)
You cover ground very slowly.
You can spit poison.
You have a snake-like lower body.


Message History

The splash of poison misses the hobgoblin.
The hobgoblin hits you but does no damage.
Unknown command.
The hobgoblin hits you but does no damage.
The hobgoblin hits you from afar with a +0 scythe.
* * * LOW HITPOINT WARNING * * *
You have got your breath back.
The hobgoblin hits you but does no damage.
Aiming: Spit Poison (1% risk of failure)
Press: ? - help, Shift-Dir - straight line, f/p - hobgoblin
Aim: a hobgoblin, wielding a +0 scythe and wearing a +0 robe (59% to hit)
The splash of poison hits the hobgoblin!
The hobgoblin is poisoned.
You kill the hobgoblin!
The hobgoblin hits you from afar with a +0 scythe.
* * * LOW HITPOINT WARNING * * *
You feel less wooden.
Your +1 helmet unmelds from your body.
Your +0 ring mail unmelds from your body.
The hobgoblin barely misses you.
Throw: 3 throwing nets
Press: ? - help, Q - select action, (/) - cycle Shift-Dir - straight line, f - hobgoblin
Aim: a hobgoblin, wielding a +0 scythe and wearing a +0 robe (60% to hit)
You throw a throwing net.
The throwing net completely misses the hobgoblin.
The hobgoblin closely misses you.
Throw: 2 throwing nets
Press: ? - help, Q - select action, (/) - cycle Shift-Dir - straight line, f/p - hobgoblin
Aim: a hobgoblin, wielding a +0 scythe and wearing a +0 robe (60% to hit)
You throw a throwing net.
The throwing net closely misses the hobgoblin.
The hobgoblin hits you but does no damage.
Throw: throwing net
Press: ? - help, Q - select action, (/) - cycle Shift-Dir - straight line, f/p - hobgoblin
Aim: a hobgoblin, wielding a +0 scythe and wearing a +0 robe (60% to hit)
You throw a throwing net.
The throwing net closely misses the hobgoblin.
You have got your breath back.
The hobgoblin hits you from afar with a +0 scythe!
You die...

,,,,******#...* ********** ,,,,*
#.#.# *,,,,,,,,* ...,*
#...#**,******,* ,..,* #....,,,*
*,* ,,..* #.#.#**** *,* ,*#.*
#.#.# *,* .*#.#######[#.# *,*
.##.........#.####### *,*
.......<......).@.).# *,***
.#............g.###.# *,,,*
...#.#..#####(#)# #.# *,,,*
.#............#.#*#.# *,,,*
.....#.........).*#g# **,**
........##.####..##.# *,*
....##..##..###...#g# *,*
.#.###..##,.........# **,**
.#)#*#..#*,.###...###***,,,*****


You could see a hobgoblin.

Vanquished Creatures
  An orc priest (D:2)
  4 adders
  A worm (D:2)
  2 dart slugs
  3 orcs
  8 endoplasms
  7 giant cockroaches
  2 goblins
  10 hobgoblins
  5 kobolds
  4 quokkas
  4 ball pythons
  5 bats
  5 frilled lizards
  3 rats
64 creatures vanquished.

Vanquished Creatures (others)
  A plant (D:4)
1 creature vanquished.

Grand Total: 65 creatures vanquished

Notes
Turn   | Place    | Note
-------+----------+-------------------------------------------
     0 | D:1      | Illumine the Naga Gladiator began the quest for the Orb.
     0 | D:1      | Reached XP level 1. HP: 19/19 MP: 1/1
   253 | D:1      | Reached XP level 2. HP: 26/26 MP: 2/2
   910 | D:2      | Reached XP level 3. HP: 33/33 MP: 3/3
  1392 | D:2      | Identified the +2 dagger of Superiority {distort, Drain rC+
                  | Dex+4}
  1983 | D:3      | Reached skill level 4 in Long Blades
  1983 | D:3      | Reached XP level 4. HP: 40/40 MP: 4/4
  2519 | D:2      | Reached XP level 5. HP: 43/49 MP: 5/5
  3062 | D:4      | Slain by a hobgoblin

Illustrated notes

Levels and vault maps discovered:
D:1:      tarquinn_simple_flora_water_c, layout_basic
D:2:      layout_basic
D:3:      layout_basic
D:4:      layout_loops_ring, mainiacjoe_overflow_24_doors, serial_bayou_pond_d,
          sigmund_army, uniq_sigmund

Skill      XL: |  1  2  3  4 |
---------------+-------------+-----
Long Blades    | 4 |  4.5
Throwing       | 2 |  2.0
Fighting       | 3 |  3.1
Dodging        | 3 |  3.0
Armour         | |  0.2

Action                   |  1- 3 |  4- 6 || total
-------------------------+-------+-------++-------
Melee: Long sword        |    52 |    43 ||    95
Throw: Throwing net      |       |     3 ||     3
       Javelin           |       |     1 ||     1
 Abil: Spit Poison       |    39 |    20 ||    59
  Use: Scroll            |     3 |     8 ||    11
       Potion            |       |     1 ||     1
Armor: Leather armour    |    14 |    13 ||    27
       Skin              |       |    19 ||    19
       Ring mail         |       |     1 ||     1
Dodge: Dodged            |    27 |    35 ||    62

Table legend: (Time is in decaauts)
 A = Elapsed time spent in this place.
 B = Non-inter-level travel time spent in this place.
 C = Inter-level travel time spent in this place.
 D = Time resting spent in this place.
 E = Time spent auto-exploring this place.
 F = Levels seen in this place.
 G = Mean time per level.
                   A        B        C        D        E       F      G
               +--------+--------+--------+--------+--------+-----+--------+
         Total |   3816 |   3608 |    208 |    764 |   2246 |   4 |  954.0 |
       Dungeon |   3816 |   3608 |    208 |    764 |   2246 |   4 |  954.0 |
               +--------+--------+--------+--------+--------+-----+--------+

Top non-repeatable levels by time:
     D:2: 1655 daAuts
     D:1: 1128 daAuts
     D:3: 825 daAuts
     D:4: 207 daAuts
